Unix NetHack Version 3.7.0-62 Work-in-progress - last build Aug 22 2022 13:44:57 (37a9556d25b0312f1dbd602c0ffc20221d1cb29c,branch:master). Game began 2022-08-21 11:18:21, ended 2022-08-22 20:07:52. rustyspoon, lawful male elven Priest --------- |.......| ----- |.......| 4 ...| |..._...| ---------..-- |.......| |....%..|4..-- -- | |.......| | 1|.....@.|.445--- . |. ----.---- !| |...@@..-A@A..TD.... |.......%)....| |A......|...[--- ... ---...%..)..--- |.......|...-- -- ... -----|----- ---------..-- --.- -. .....- ...| ...----- -...% %.%. ----- ......... ......%.. ... ........- . .?%.. --... ........- %.%. --.... ....- --%----%..- ...%%%.%.% %...| -------------- Rustyspoon the Curate St:17 Dx:19 Co:16 In:15 Wi:20 Ch:16 Lawful Astral Plane $:0 HP:220(245) Pw:47(207) AC:-26 Exp:17 T:48516 Latest messages: What do you want to use or apply? [bfkms-vzNQSUX or ?*] T - an uncursed -1 helm of opposite alignment. The Angel of Ishtar swings his long sword at it. The Angel of Ishtar hits it. The Angel of Ishtar swings his long sword at it. The Angel of Ishtar hits it. The Angel of Ishtar hits it. The Angel of Moloch swings her long sword at it. The Angel of Moloch hits it. The Angel of Moloch swings her long sword at it. The Angel of Moloch hits it. The Angel of Moloch misses it. What do you want to take off? [CDEFG or ?*] You finish taking off your helm. What do you want to wear? [FT or ?*] The Angel of Ishtar zaps you with a magic missile! The magic missile hits the high priestess of Anu. The magic missile whizzes by you! The magic missile bounces! You finish your dressing maneuver. Your mind oscillates briefly. You are blasted by Stormbringer's power! You are blasted by the Mitre of Holiness' power! The helm of opposite alignment glows black for a moment. There is a high altar to Anu (lawful) here. What do you want to invoke? [agvFS or ?*] Nothing happens. The Angel of Ishtar swings his long sword at it. The Angel of Ishtar hits it. The Angel of Ishtar swings his long sword at it. The Angel of Ishtar hits it. The Angel of Ishtar hits it. It swings its mace at the Angel of Ishtar. It hits the Angel of Ishtar. It misses the Angel of Ishtar. The priestess of Ishtar swings her mace at the high priestess of Anu. The priestess of Ishtar hits the high priestess of Anu. The priestess of Ishtar hits the high priestess of Anu. The high priestess of Anu wields a cursed mace! The mace welds itself to the high priestess of Anu's hand! The Angel of Moloch swings his long sword at it. The Angel of Moloch hits it. There is a high altar to Anu (lawful) here. What do you want to sacrifice? [g or ?*] You offer the Amulet of Yendor to Anu... An invisible choir sings, and you are bathed in radiance... The voice of Anu rings out: "Mortal, thou hast done well!" "In return for thy service, I grant thee the gift of Immortality!" You ascend to the status of Demigod... Do you want your possessions identified? [ynq] (y) Major events: Turn 1: rustyspoon the chaotic elven Priestess entered the dungeon 1041: attained the rank of Acolyte (level 3) 2935: entered the Gnomish Mines 3712: attained the rank of Adept (level 6) 4565: reached Mine Town 4864: destroyed Gandelf's ghost, the former Initiate 4965: made her first wish - "blessed greased +2 gray dragon scale mail", got "a blessed greased gray dragon scale mail" 10174: entered Sokoban 10706: completed sokoban 1 11634: completed sokoban 2 12269: completed sokoban 3 13440: completed sokoban 4 14039: acquired the Sokoban amulet of reflection 14649: attained the rank of Priestess (level 10) 18133: acquired the Mines' End luckstone 20141: performed his first genocide (class h) 21941: entered the Bigroom 25534: was bestowed with Demonbane by Anshar 25714: was bestowed with Stormbringer by Anshar 29989: killed Medusa 32442: wished for "blessed greased bag of holding", got "a blessed greased bag" 32832: entered Gehennom 37071: wished for "blessed fixed greased +2 boots of speed", got "a blessed greased pair of mud boots" 37995: attained the rank of Curate (level 14) 39725: killed the invisible Nalzok 39725: found the Mitre of Holiness carried by a monster 39734: acquired the Bell of Opening 40300: wished for "blessed fixed ring of free action", got "a blessed iron ring" 40472: genocided class L 40622: bribed Asmodeus with 87 zorkmids for safe passage 41266: killed Juiblex 41542: bribed Baalzebub with 5 zorkmids for safe passage 43403: destroyed Vlad the Impaler 43405: acquired the Candelabrum of Invocation 43798: killed Orcus 45067: wished for "blessed magic marker", got "a blessed magic marker" 45649: genocided class v 45908: killed the Wizard of Yendor 45910: acquired the Book of the Dead 45953: performed the invocation 46016: killed the Wizard of Yendor (2nd time) 46146: killed the high priest of Moloch 46150: acquired The Amulet of Yendor 47782: killed the Wizard of Yendor (3rd time) 47979: entered the Elemental Planes 47979: entered Plane of Earth 48041: entered Plane of Air 48173: killed the Wizard of Yendor (5th time) 48216: entered Plane of Fire 48252: entered Plane of Water 48264: genocided class ; 48404: entered the Astral Plane 48416: found Grimtooth carried by a monster 48421: killed Pestilence 48439: killed Pestilence (2nd time) 48501: killed Famine 48516: ascended Inventory: Amulets A - an uncursed amulet of reflection (being worn) Weapons a - the uncursed rustproof +6 Stormbringer (weapon in hand) w - a blessed rustproof +6 aklys (alternate weapon; not wielded) Armor d - an uncursed +0 pair of levitation boots B - a blessed +4 gray dragon scale mail (being worn) C - a blessed fireproof +5 robe (being worn) D - an uncursed fireproof +5 pair of speed boots (being worn) E - a cursed fireproof +4 pair of gauntlets of dexterity (being worn) F - the blessed rustproof +5 Mitre of Holiness G - a blessed fireproof +4 small shield (being worn) T - a cursed -1 helm of opposite alignment (being worn) Comestibles L - an uncursed lizard corpse named MCD Scrolls j - 5 blessed scrolls of blank paper Rings n - a blessed ring of free action (on left hand) W - a blessed ring of conflict (on right hand) Wands m - an uncursed wand of teleportation (0:5) z - an uncursed wand of digging (0:1) N - an uncursed wand of death (2:8) Q - an uncursed wand of digging (0:5) U - an uncursed wand of wishing (1:0) X - an uncursed wand of teleportation (1:3) Tools b - a blessed bag of holding containing 75 items f - an uncursed magic marker (1:28) k - an uncursed skeleton key s - an uncursed sack named cancellation containing 1 item t - a blessed blindfold u - an uncursed +0 unicorn horn named Lhv; v - the uncursed Candelabrum of Invocation (0 of 7 candles attached) S - the uncursed Bell of Opening (0:1) Gems/Stones x - a blessed luckstone Contents of the bag of holding: an uncursed amulet of life saving an uncursed amulet of life saving an uncursed amulet of life saving an uncursed amulet of life saving an uncursed amulet of life saving an uncursed amulet of magical breathing an uncursed +1 pair of jumping boots an uncursed +0 pair of water walking boots a blessed +1 mummy wrapping 7 uncursed food rations 2 uncursed scrolls of scare monster a blessed scroll of blank paper an uncursed scroll of blank paper 12 uncursed scrolls of blank paper an uncursed scroll of blank paper 2 uncursed scrolls of blank paper an uncursed scroll of blank paper 5 cursed scrolls of blank paper an uncursed scroll of enchant armor 2 uncursed scrolls of enchant weapon a blessed scroll of fire a blessed scroll of stinking cloud an uncursed scroll of stinking cloud an uncursed scroll of taming 3 blessed potions of levitation 3 uncursed potions of paralysis 4 uncursed potions of restore ability 15 potions of holy water 2 uncursed potions of water 3 potions of unholy water an uncursed ring of regeneration an uncursed ring of slow digestion an uncursed ring of slow digestion a blessed ring of teleport control an uncursed wand of cold (0:8) an uncursed wand of cold (0:1) an uncursed wand of digging (0:6) an uncursed wand of digging (0:5) an uncursed wand of digging (0:5) an uncursed wand of digging (0:8) an uncursed wand of fire (0:8) an uncursed wand of fire (0:7) an uncursed wand of fire (0:6) an uncursed wand of fire (0:5) an uncursed wand of fire (0:4) an uncursed wand of light (0:10) a blessed wand of lightning (0:4) an uncursed wand of lightning (0:7) an uncursed wand of lightning (0:4) an uncursed wand of lightning (0:6) an uncursed wand of polymorph (0:1) an uncursed wand of secret door detection (0:15) an uncursed wand of secret door detection (0:12) an uncursed wand of secret door detection (0:11) a cursed wand of secret door detection (0:13) an uncursed wand of sleep (0:5) an uncursed wand of slow monster (0:8) an uncursed wand of striking (0:1) an uncursed wand of striking (0:2) an uncursed bugle an uncursed +0 pick-axe 2 uncursed amethyst stones 2 uncursed aquamarine stones 2 uncursed black opals 3 uncursed diamonds 3 uncursed dilithium crystals 6 uncursed emeralds an uncursed jasper stone an uncursed jet stone 2 uncursed obsidian stones 4 uncursed opals 5 uncursed rubies an uncursed sapphire an uncursed turquoise stone a blessed touchstone Contents of the sack named cancellation: an uncursed wand of cancellation (0:4) Rustyspoon the Priest's attributes: Background: You were a Curate, a level 17 elven Priest. You were lawful, temporarily on a mission for Anu who was opposed by Ishtar (neutral) and Anshar (chaotic). You were actually chaotic. You started out female. You were in the endgame, on the Astral Plane. You entered the dungeon 48516 turns ago. You had 673269 experience points, 606731 more were needed to attain level 18. Basics: You had 220 out of 245 hit points. You had 47 out of 207 energy points (spell power). Your armor class was -26. Your wallet was empty. Autopickup was off. Final Characteristics: Your strength was 17 (peak:18, limit:18). Your dexterity was 19 (base:15, peak:18, innate limit:18). Your constitution was 16 (limit:16). Your intelligence was 15 (limit:20). Your wisdom was 20 (limit:20). Your charisma was 16 (limit:18). Final Status: You were not hungry. You were unencumbered. You were wielding a broadsword. You had basic skill with broadsword. Final Attributes: You were fervently aligned. You were magic-protected. You were fire resistant. You were cold resistant. You were sleep resistant. You were disintegration-resistant. You were shock resistant. You were poison resistant. You were level-drain resistant. You saw invisible. You were telepathic. You were warned. You had infravision. You caused conflict. You could teleport. You were guarded. You were very fast. You had reflection. You had free action. You were extremely lucky. You had extra luck. Good luck did not time out for you. You survived. Miscellaneous: You encountered 1 bones level. Total elapsed playing time was 6 hours, 25 minutes and 20 seconds. Vanquished creatures: Orcus Juiblex the Wizard of Yendor (5 times) Pestilence (twice) Famine Vlad the Impaler a high cleric Medusa 10 krakens an iron golem a storm giant a glass golem a balrog Nalzok 6 purple worms 2 gray dragons 3 gold dragons 2 red dragons 2 white dragons 3 orange dragons 2 black dragons 3 blue dragons a yellow dragon 17 minotaurs 5 jabberwocks 6 baluchitheria 7 Angels 2 demiliches 3 stone golems 19 Olog-hai 3 pit fiends a sandestin a hell hound 2 displacer beasts 5 titanotheres 6 trappers a baby silver dragon 3 genetic engineers a disenchanter 28 vampire leaders 5 skeletons 7 aligned clerics 3 captains 3 shades 5 liches 7 nurses 3 ice devils 7 nalfeshnees 8 lurkers above an Aleax a frost giant 3 ettins 7 golden nagas 4 black puddings 24 vampires 4 lieutenants 58 ghosts an archeologist a cave dweller 3 queen bees 4 winged gargoyles 7 giant mimics 7 long worms 6 zruties 3 fire giants 5 ogre tyrants 6 ice trolls a rock troll 4 umber hulks 2 flesh golems 2 elven monarchs 2 doppelgangers a hezrou 8 bone devils 5 large mimics 2 wumpuses 2 fire vortices a baby purple worm a couatl 7 stalkers 13 air elementals 2 fire elementals 3 earth elementals 11 water elementals a hill giant 5 giant mummies 4 black nagas 5 xorns 28 giant zombies an elf-noble 13 sergeants 5 barbed devils 4 vrocks a salamander 9 wargs 5 winter wolves 3 hell hound pups 17 small mimics 7 warhorses 4 steam vortices 10 xans 5 ettin mummies 3 ogre leaders 8 quantum mechanics 15 trolls a sasquatch 2 wood golems 2 erinyes 2 mariliths 5 djinn 8 sharks 8 electric eels 3 gelatinous cubes 4 pyrolisks 4 large dogs 6 freezing spheres 8 flaming spheres 9 shocking spheres 7 large cats 7 tigers 3 gargoyles a dwarf ruler 12 tengu 7 ochre jellies 12 leocrottas 4 energy vortices a mountain centaur 3 stone giants 4 elf mummies 4 human mummies 2 red nagas 2 green slimes 2 pythons 4 pit vipers 3 cobras 125 wraiths 2 carnivorous apes 34 ettin zombies 5 leather golems 2 Grey-elves 68 soldiers 3 watchmen 18 amorous demons 7 horned devils 4 chameleons 2 crocodiles 17 giant beetles 9 quivering blobs 17 cockatrices 14 wolves 5 winter wolf cubs 3 lynxes 2 panthers 3 gremlins 25 leprechauns 5 orc-captains 4 iron piercers 6 mumakil 16 giant spiders 8 scorpions 4 horses 3 ice vortices 6 black lights 8 vampire bats 2 forest centaurs 7 gnome rulers 2 orc mummies 2 dwarf mummies 2 ogres 15 brown puddings 8 rust monsters 10 owlbears 6 yetis 4 werewolves 3 Green-elves 4 piranha 16 giant eels 15 lizards 8 chickatrices 3 dingoes 7 dogs 6 housecats 3 jaguars 4 dwarf leaders 4 blue jellies 4 white unicorns 2 gray unicorns 7 dust vortices 5 ravens 2 plains centaurs 5 gnome mummies 6 snakes 8 apes 70 human zombies 2 rope golems 15 soldier ants 61 fire ants 2 bugbears an imp a lemure 3 quasits a wood nymph 6 water nymphs 4 mountain nymphs 19 Mordor orcs 9 Uruk-hai 2 orc shamans 6 rock piercers 4 rock moles 4 ponies 8 fog clouds 15 yellow lights 2 shriekers 19 gnome leaders 8 gnomish wizards 4 kobold mummies 8 gray oozes 5 barrow wights 47 elf zombies 33 ghouls 3 straw golems a paper golem 6 jellyfish a baby crocodile 25 giant ants a little dog 10 floating eyes 6 kittens 21 dwarves a homunculus 2 kobold leaders 2 kobold shamans 23 hill orcs 21 rothes 3 rabid rats 3 centipedes 6 giant bats 3 monkeys 52 orc zombies 40 dwarf zombies a werejackal 9 iguanas 51 killer bees 6 acid blobs 11 coyotes 2 gas spores 9 hobbits 15 manes a large kobold 3 hobgoblins 7 giant rats 12 cave spiders 5 brown molds 7 yellow molds a green mold 7 red molds 64 gnomes 9 garter snakes 20 gnome zombies 16 geckos 14 jackals a fox 2 kobolds 9 goblins 11 sewer rats 15 grid bugs 2 bats 8 lichens 40 kobold zombies 11 newts 2268 creatures vanquished. Genocided or extinct species: hobbits dwarves bugbears dwarf leaders dwarf rulers mind flayers master mind flayers fog clouds dust vortices ice vortices energy vortices steam vortices fire vortices liches demiliches master liches arch-liches wraiths (extinct) human zombies (extinct) erinyes (extinct) jellyfish piranha sharks giant eels electric eels krakens 23 species genocided. 3 species extinct. Voluntary challenges: You read items or engraved 146 times. You engraved Elbereth 11 times. You genocided 23 types of monsters. You never polymorphed an object. You never changed form. You used 5 wishes. You did not wish for any artifacts. You did not violate any of the special Sokoban rules. Achievements: You entered a shop. You attained the rank of Acolyte. You entered the Gnomish Mines. You attained the rank of Adept. You entered Minetown. You entered a temple. You entered Sokoban. You completed Sokoban. You attained the rank of Priestess. You completed the Gnomish Mines. You entered the Big Room. You defeated Medusa. You learned the tune to open and close the Castle's drawbridge. You entered Gehennom. You attained the rank of Curate. You had the Bell of Opening. You had the Candelabrum of Invocation. You handled the Book of the Dead. You gained access to Moloch's Sanctum. You reached the Elemental Planes. You reached the Astral Plane. You delivered the Amulet of Yendor. You ascended! The Elemental Planes: Astral Plane: <- You are here. Some temples. Plane of Water: Plane of Fire: Plane of Air: Plane of Earth: The Dungeons of Doom: levels 1 to 28 Level 1: A fountain. One way stairs up to The Elemental Planes. Level 2: "cursed magical gloves" An armor shop. Level 3: "stash chest +oProt/Id" A general store, a fountain. Level 4: Some fountains. Stairs down to The Gnomish Mines. Level 5: Some fountains. Oracle of Delphi. Level 6: Stairs up to Sokoban, level 5. Level 7: A fountain, a grave. Level 8: "backup unihorn" Some sinks, a grave. Level 9: Level 10: "stash chest" Level 11: Level 12: A very big room. Portal to The Quest. Level 13: "shield of reflection" Level 14: A sink, a grave. Level 15: Level 16: Level 17: A primitive area. Level 18: "backup BoH" An altar, some fountains. Level 19: Level 20: A fountain. Level 21: Level 22: Level 23: A fountain. Level 24: A grave. Level 25: Level 26: Level 27: "crap wands chest by _" An altar, some fountains, a grave. Level 28: "stash gem room" The castle (play notes "CFFBD" to open or close drawbridge). Connection to Gehennom. Gehennom: levels 29 to 52 Level 29: A temple, many graves. Valley of the Dead. Level 30: Level 31: Level 32: Level 33: Level 34: Level 35: Level 36: Level 37: Level 38: Some shops, an altar, many graves. Stairs up to Vlad's Tower, level 37. Level 39: Level 40: Level 41: Level 42: Level 43: Level 44: Level 45: Level 46: Level 47: Level 48: Level 49: Level 50: Level 51: Level 52: A temple, many graves. Moloch's Sanctum. The Gnomish Mines: levels 5 to 12 Level 5: Level 6: Level 7: "potions shop" Many shops, a temple, some fountains. Final resting place for Gandelf-Mon-Hum-Mal-Neu, killed by a paper golem. Level 8: Level 9: Level 10: Level 11: Level 12: The Quest: levels 1 to 6 Level 1: A temple, many trees. Completed quest for the Arch Priest. Level 2: Many graves. Level 3: A temple, many graves. Level 4: Many graves. Level 5: Many graves. Level 6: Sokoban: levels 5 up to 2 Level 2: Solved. Level 3: "$ <" Solved. Level 4: "stash 0" Solved. Level 5: Solved. Vlad's Tower: levels 37 up to 35 Level 35: Level 36: Level 37: "stash >" Goodbye rustyspoon the Demigod... You went to your reward with 972710 points, Stormbringer (worth 8000 zorkmids and 20000 points) The Candelabrum of Invocation (worth 5000 zorkmids and 12500 points) The Mitre of Holiness (worth 2000 zorkmids and 5000 points) The Bell of Opening (worth 5000 zorkmids and 12500 points) and 0 pieces of gold, after 48516 moves. You were level 17 with a maximum of 245 hit points when you ascended.